AoeStats
← Donki

African Clearing

510355518Analyzed
4v4 RM · 2d ago on Sep 30, 2026· 37m 51s· 8 players
Game mode
Random Map
Map size
Large (8 player)
Population
200
Speed
Normal
Resources
Standard
Victory
Conquest
Starting age
Dark Age
Ending age
Imperial Age
RankedLock teamsTeams togetherTeam positionsShared explorationLock speedFull tech treeHidden civsTurbo modeCheats
Victory
Defeat
🇫🇷 Romans · France
1253
+11
🇹🇷 Portuguese · Türkiye
1252
+11
🇨🇳 Lithuanians · China
1220
+12
🇫🇷 Maya · France
1188
+14
🇨🇿 Huns · Czechia
1184
-14
🇷🇺 Vietnamese · Russia
1160
-13
🇨🇿 Inca · Czechia
1120
-11
🇨🇿 Burmese · Czechia
1094
-10
AngryKok
3:00 Loom
15:43 Feudal Age
17:48 Wheelbarrow
17:30 Fletching
18:27 Padded Archer Armor
20:49 Forging
27:15 Castle Age
Donki
10:52 Loom
14:26 Feudal Age
19:00 Castle Age
18:12 Double-Bit Axe
18:48 Bloodlines
20:16 Husbandry
20:25 Scale Barding Armor
23:12 Horse Collar
28:14 Forging
29:13 Wheelbarrow
30:06 Chain Barding Armor
32:49 Iron Casting
33:52 Fletching
37:52 Imperial Age
35:55 Husbandry
36:08 Town Watch
37:55 Iron Casting
DartPlayerCZ
8:27 Loom
13:25 Feudal Age
18:04 Castle Age
16:22 Horse Collar
17:04 Double-Bit Axe
21:37 Champi Runner
23:25 Pikeman
35:03 Champi Warrior
Abraham
4:12 Loom
14:04 Feudal Age
20:08 Castle Age
24:36 Scale Barding Armor
29:51 Husbandry
30:38 Light Cavalry
31:57 Bloodlines
36:31 Padded Archer Armor
Elfufu
3:37 Loom
5:14 Loom
13:25 Feudal Age
18:32 Castle Age
17:51 Double-Bit Axe
18:47 Crossbowman
20:00 Town Watch
22:42 Fletching
25:09 Horse Collar
26:55 Padded Archer Armor
32:58 Bow Saw
33:13 Heavy Plow
33:21 Gold Mining
33:35 Bodkin Arrow
35:15 Wheelbarrow
36:03 Leather Archer Armor
37:28 Thumb Ring
Yunus
3:02 Loom
12:12 Feudal Age
12:40 Double-Bit Axe
19:07 Castle Age
17:39 Forging
17:49 Scale Barding Armor
25:16 Bloodlines
27:23 Town Watch
29:12 Chain Barding Armor
31:26 Iron Casting
30:56 Husbandry
wuyu
2:59 Loom
15:11 Feudal Age
19:17 Castle Age
17:35 Double-Bit Axe
17:33 Horse Collar
20:21 Bow Saw
20:31 Bloodlines
20:21 Husbandry
22:02 Wheelbarrow
24:26 Scale Barding Armor
29:28 Forging
31:23 Hand Cart
32:43 Town Watch
33:54 Chain Barding Armor
34:29 Town Patrol
38:07 Imperial Age
Le Miel Jospin
11:31 Loom
13:16 Feudal Age
14:40 Town Watch
18:17 Castle Age
16:58 Double-Bit Axe
20:57 Horse Collar
24:28 Forging
25:11 Bow Saw
26:34 Scale Barding Armor
27:11 Gold Mining
32:16 Ballistics
33:34 Bloodlines
Connection lost

Rejoining the realm…

Still unreachable

The connection could not be restored.

Session expired

The server has moved on; the page needs a fresh start.